 Dungeon Crawl Stone Soup version 0.26-a0-639-g72c4674329 (webtiles) character file.

Game seed: 7634592784962604245

323321 Flugslaktarn the Slayer (level 20, -4/217 HPs)
             Began as a Minotaur Fighter on Sept 21, 2020.
             Was an Elder of Cheibriados.
             Slain by a shadow dragon (9 damage)
             ... on level 1 of the Realm of Zot.
             The game lasted 00:20:14 (26600 turns).

Flugslaktarn the Slayer (Minotaur Fighter)         Turns: 26600, Time: 00:20:14

Health: -4/217     AC: 35    Str: 34    XL:     20   Next: 30%
Magic:  38/38      EV: 18    Int: 20    God:    Cheibriados [****..]
Gold:   518        SH: 24    Dex: 21    Spells: 19/19 levels left

rFire    + . .     SeeInvis .   f - +6 broad axe (drain)
rCold    . . .     Faith    .   D - +0 tower shield
rNeg     + . .     Spirit   .   K - +0 plate armour
rPois    +         Reflect  .   M - +3 hat of Pondering {ponderous, MR+ MP+10 Int+5}
rElec    +         Harm     .   H - +2 cloak {rCorr}
rCorr    +         Rampage  .   N - +2 pair of gloves
MR       ++++.                  m - +2 pair of boots {Fly}
Stlth    ..........             J - amulet of regeneration
HPRegen  0.86/turn              k - ring of Spontaneous Combustion {rPois rN+ AC+4}
MPRegen  0.26/turn              w - ring "Kifi" {+Inv rElec rF+ MR+}

@: flying, slowed, very slow
A: retaliatory headbutt, horns 2, magic resistance 1, mutation resistance 1,
robust 1, weak 1
}: 3/15 runes: decaying, serpentine, abyssal
a: Bend Time, Temporal Distortion, Slouch, Renounce Religion, Evoke
Invisibility, Stop Flying


You were on level 1 of the Realm of Zot.
You worshipped Cheibriados.
Cheibriados was greatly pleased with you.
You visited 7 branches of the dungeon, and saw 35 of its levels.
You visited the Abyss 1 time.

You collected 2885 gold pieces.
You spent 2367 gold pieces at shops.

Inventory:

Hand Weapons
 f - a +6 broad axe of draining (weapon)
   (You took it off a hell knight on level 5 of the Depths)
Missiles
 c - 3 throwing nets (quivered)
Armour
 m - a +2 pair of boots of flying (worn)
   (You bought it in a shop on level 6 of the Dungeon)
 D - a +0 tower shield (worn)
   (You took it off an orc on level 9 of the Dungeon)
 H - a +2 cloak of preservation (worn)
   (You took it off Maurice on level 8 of the Dungeon)
 K - a +0 plate armour (worn)
   (You found it on level 13 of the Dungeon)
 M - the +3 hat of Pondering (worn) {ponderous, MR+ MP+10 Int+5}
   (You took it off Gastronok on level 8 of the Dungeon)

   It affects your intelligence (+5).
   It affects your resistance to hostile enchantments.
   It affects your magic capacity (+10).
 N - a +2 pair of gloves (worn)
   (You found it on level 3 of the Lair of Beasts)
Jewellery
 b - an uncursed ring of positive energy
   (You found it on level 10 of the Dungeon)
 i - an uncursed ring of see invisible
   (You found it on level 15 of the Dungeon)
 k - the ring of Spontaneous Combustion (left hand) {rPois rN+ AC+4}
   (You bought it in a shop on level 1 of the Orcish Mines)

   [ring of protection]

   It affects your AC (+4).
   It protects you from poison.
   It protects you from negative energy.
 w - the ring "Kifi" (right hand) {+Inv rElec rF+ MR+}
   (You bought it in a shop on level 2 of the Orcish Mines)

   [ring of protection from fire]

   It protects you from fire.
   It insulates you from electricity.
   It affects your resistance to hostile enchantments.
   It lets you turn invisible.
 J - an amulet of regeneration (around neck)
   (You found it on level 13 of the Dungeon)
Wands
 o - a wand of enslavement (3)
   (You found it on level 10 of the Dungeon)
 p - a wand of iceblast (8)
   (You found it on level 14 of the Dungeon)
 u - a wand of paralysis (29)
   (You took it off a centaur on level 8 of the Dungeon)
 I - a wand of digging (6)
   (You found it on level 10 of the Dungeon)
 L - a wand of acid (11)
   (You found it on level 1 of the Lair of Beasts)
Scrolls
 e - 4 scrolls of magic mapping
 r - 9 scrolls of identify
 t - 12 scrolls of teleportation
 x - 13 scrolls of remove curse
 y - 2 scrolls of fear
 E - 2 scrolls of immolation
 G - a scroll of fog
 O - 4 scrolls of enchant armour
 P - a scroll of vulnerability
Potions
 d - 3 potions of might
 h - 2 potions of haste
 j - 5 potions of lignification
 l - a potion of degeneration
 n - 2 potions of cancellation
 v - a potion of invisibility
 A - 6 potions of magic
 B - 3 potions of mutation
Miscellaneous
 C - a tin of tremorstones (1/3)
   (You found it on level 3 of the Lair of Beasts)
 F - a condenser vane (1/2)
   (You bought it in a shop on level 7 of the Dungeon)


   Skills:
 * Level 21.4 Fighting
 * Level 21.3 Axes
 + Level 16.0 Armour
 + Level 14.6 Dodging
 + Level 16.1 Shields
 - Level 12.0 Invocations


You had 19 spell levels left.
You didn't know any spells.
Your spell library was empty.

Dungeon Overview and Level Annotations

Branches:
Dungeon (15/15)            Temple (0/1) D:7            Lair (4/6) D:11
  Swamp (4/4) Lair:3        Snake (4/4) Lair:4          Orc (2/2) D:11
    Elf (0/3) Orc:2        Vaults (0/5) D:14         Depths (5/5) D:15
    Zot (1/5) Depths:5

Altars:
Ashenzari
Cheibriados
Makhleb
Nemelex Xobeh
Beogh
Lugonu

Shops:
D:6 ![:   D:7 }   D:11 ?   Orc:1 *=?=   Orc:2 (((=

Portals:
Abyss: D:11 Depths:4
Trove: D:14 (give +4 ice dragon scales)

Annotations:
D:11 2 transporters, p0werm0de's ghost, novice FoFi
D:15 1 runed translucent door, exclusion: orange crystal statue
Lair:3 exclusion: 2 oklob plants


Innate Abilities, Weirdness & Mutations

You reflexively headbutt those who attack you in melee.
You have a pair of horns on your head.
You are resistant to hostile enchantments. (MR+)
You are somewhat resistant to further mutation.
You are robust. (+10% HP)
You are weak. (Str -2)


Message History

You destroy the death cob!
Cheibriados thoroughly appreciates the change of pace.
Your life force feels restored.
The shadow dragon breathes negative energy at you.
The bolt of negative energy misses you.
The yellow draconian throws acid at you.
The glob of acid hits you but does no damage.
You are splashed with acid!
You resist.
* * * LOW HITPOINT WARNING * * *
You hit the shadow dragon but do no damage.
You headbutt the shadow dragon, but do no damage.
You block the shadow dragon's attack.
The shadow dragon completely misses you.
The shadow dragon misses you.
You closely miss the shadow dragon. You headbutt the shadow dragon.
The shadow dragon is lightly wounded.
The shadow dragon barely misses you. The shadow dragon claws you.
* * * LOW HITPOINT WARNING * * *
The shadow dragon claws you!
You die...

*,** **,,,,,** **,,,** **,*
**.,.#* **,,*** *,**
##.#.#### **,,** ***
##.......# **,,**
#..#d.≈≈.#**,,** *
##..≈≈.≈≈.#*,,** ***
#.........#*,** **,,
*#...≈≈.≈≈.#,,* **,,,
*,,#.D@.≈#,*,,*****,,,,
#.............,,,,,,,,,
*#.≈≈.≈≈.###..........,,
#..≈≈.≈≈.#*#.........,,,
#....8...#,,........,⌠,,
*#..≈≈.≈≈..,,,......,,..,
**...≈≈.≈≈..,**#....,...#*
*,.#.........,**...##...#*
**,*****,≈≈,≈≈,**#..##...#*


You could see a shadow dragon (catching breath) and a yellow draconian (catching
breath).

Vanquished Creatures
  An orb of fire (Zot:1)
  A juggernaut (Depths:5)
  A Killer Klown (Zot:1)
  A golden dragon (Depths:5)
  Jorgrun (Swamp:2)
  3 tentacled monstrosities
  A lich (Depths:5)
  2 quicksilver dragons
  3 tentacled starspawn (Abyss:3)
  3 death cobs (Zot:1)
  Gastronok (D:8)
  A tengu reaver (Depths:1)
  4 shadow dragons
  10 nagarajas
  Kirke (Swamp:3)
  2 storm dragons (Depths:5)
  A fire giant (Depths:1)
  2 draconian knights
  A cacodemon (Abyss:3)
  8 frost giants
  2 orc warlords (Orc:2)
  Aizul (Snake:4)
  A deep elf elementalist (Abyss:3)
  A draconian shifter (Zot:1)
  3 spriggan defenders
  15 very ugly things
  A draconian annihilator (Zot:1)
  2 draconian stormcallers (Zot:1)
  6 stone giants
  A vampire knight (Depths:4)
  Nessos (Orc:1)
  A deep elf demonologist (Depths:5)
  4 green draconians
  An entropy weaver (Abyss:3)
  3 purple draconians
  A yellow draconian (Zot:1)
  4 black draconians
  6 spark wasps
  2 red draconians
  3 ettins
  Josephine (D:10)
  Snorg (Orc:2)
  Erolcha (D:9)
  3 fire dragons
  4 vault guards (D:14)
  4 yaktaur captains
  4 rakshasas
  5 naga warriors
  A great orb of eyes (Depths:1)
  Harold (D:7)
  18 hydras
  3 shambling mangroves
  3 spriggan air magi
  4 ice dragons
  4 centaur warriors
  15 anacondas
  A death knight (D:14)
  14 two-headed ogres
  Erica (D:11)
  7 alligators
  4 ogre magi
  5 orc high priests
  5 deep troll earth magi
  3 tengu warriors (D:14)
  2 deep troll shamans
  3 hell hogs (Abyss:3)
  2 thrashing horrors (Abyss:3)
  8 naga sharpshooters
  Urug (D:11)
  A spriggan berserker (Depths:5)
  3 shock serpents (Snake:4)
  A titan skeleton (Abyss:3)
  5 hell knights (Depths:5)
  5 salamander mystics (Snake:4)
  6 wretched stars (Abyss:3)
  An iron troll (Depths:1)
  3 unseen horrors
  A flayed ghost (Depths:5)
  A spatial maelstrom (Abyss:3)
  9 swamp dragons
  17 deep trolls
  5 lindwurms
  4 glowing orange brains
  2 orc knights
  Pikel (D:3)
  10 naga ritualists (Snake:4)
  4 deep elf magi
  A necromancer (Depths:5)
  An orb spider (shapeshifter) (D:13)
  3 cyclopes
  6 orc sorcerers
  5 mana vipers (Snake:4)
  21 ugly things
  4 salamanders (Snake:4)
  A moth of wrath (Zot:1)
  8 large abominations (Abyss:3)
  2 manticores
  2 centaur zombies
  Maurice (D:8)
  A worldbinder (Abyss:3)
  9 guardian serpents
  25 black mambas
  A gargoyle (D:10)
  18 naga magi
  A black mamba (shapeshifter) (Depths:1)
  3 apocalypse crabs (Abyss:3)
  3 smoke demons (Abyss:3)
  A rime drake (Lair:4)
  9 cane toads
  2 kobold demonologists
  3 efreet (Abyss:3)
  Maggie (D:8)
  12 yaktaurs
  A redback zombie (D:15)
  2 freezing wraiths (Abyss:3)
  A tormentor (Abyss:3)
  2 komodo dragons
  3 tyrant leeches (Swamp:4)
  A guardian mummy (D:14)
  An ancient zyme (Abyss:3)
  8 trolls
  3 meliai
  A polar bear (Lair:4)
  4 tengu conjurers
  An ettin zombie (Abyss:3)
  Prince Ribbit (D:8)
  2 raiju (Abyss:3)
  14 blink frogs
  13 hornets
  An ice dragon zombie (Abyss:3)
  6 hippogriffs
  4 flying skulls (Abyss:3)
  7 slime creatures
  5 spriggans
  3 shadows
  6 starcursed masses (Abyss:3)
  A tarantella (shapeshifter) (Depths:5)
  3 fire bats (Depths:1)
  7 yaks
  2 ynoxinuls (Abyss:3)
  A hog (Swamp:3)
  3 water elementals (Depths:4)
  Grum (D:10)
  4 wraiths
  3 wyverns
  3 basilisks
  2 chaos spawn (Abyss:3)
  A human (D:14)
  26 vampire mosquitoes
  A steam dragon (D:10)
  24 nagas
  12 swamp worms
  An acid dragon (D:15)
  12 water moccasins
  3 porcupines
  37 orc warriors
  5 sky beasts
  A black bear (D:6)
  An eye of draining (D:14)
  A hornet zombie (D:14)
  7 ice beasts
  9 swamp drakes
  2 phantoms
  9 wolves
  3 necrophages
  22 ogres
  20 centaurs
  4 crocodiles
  A big kobold (D:9)
  A bullfrog (shapeshifter) (Depths:4)
  A wyvern zombie (D:8)
  13 bullfrogs
  8 scorpions
  5 small abominations (Abyss:3)
  4 killer bees
  7 wights
  An electric eel (Lair:3)
  10 howler monkeys
  2 quasits
  A bullfrog zombie (D:11)
  7 hounds
  4 centaur skeletons
  29 orc priests
  3 jellies
  33 orc wizards
  An iguana (D:6)
  9 worker ants
  A hound zombie (D:7)
  2 hound skeletons
  A howler monkey skeleton (D:8)
  12 adders
  6 gnolls (D:10)
  2 shadow imps
  A white imp (D:9)
  3 ufetubi
  2 oozes
  2 adder skeletons
  A worm (D:4)
  2 dart slugs
  3 leopard geckos
  109 orcs
  A bat (D:3)
  3 giant cockroaches
  A goblin (D:2)
  2 hobgoblins
  14 jackals
  6 quokkas
  A ball python (D:1)
  A ball python skeleton (D:4)
  7 frilled lizards
  7 kobolds
  5 rats
  A lurking horror (Abyss:3)
  3 starspawn tentacles (Abyss:3)
1118 creatures vanquished.

Vanquished Creatures (others)
  A draconian knight (Zot:1)
  A naga sharpshooter (Snake:4)
  A glowing orange brain (Depths:2)
  2 guardian serpents (Snake:4)
  An ancient zyme (Abyss:3)
  A raiju (Abyss:3)
  A golden eye (shapeshifter) (Depths:2)
  A human (Swamp:3)
  An orc priest (Orc:2)
  2 orc wizards
  An orc (Orc:1)
  A bush (Lair:4)
  22 fungi
  67 plants
  5 starspawn tentacles (Abyss:3)
108 creatures vanquished.

Grand Total: 1226 creatures vanquished

Notes
Turn   | Place    | Note
-------+----------+-------------------------------------------
     0 | D:1      | Flugslaktarn the Minotaur Fighter began the quest for the
                  | Orb.
     0 | D:1      | Reached XP level 1. HP: 19/19 MP: 0/0
   204 | D:2      | Reached XP level 2. HP: 25/27 MP: 1/1
   336 | D:3      | Found a snail-covered altar of Cheibriados.
   345 | D:3      | Became a worshipper of Cheibriados the Contemplative
   388 | D:3      | Noticed a bullfrog
   400 | D:3      | Killed a bullfrog
   400 | D:3      | Reached XP level 3. HP: 16/34 MP: 2/2
   400 | D:3      | Reached XP level 4. HP: 19/41 MP: 3/3
   812 | D:4      | Noticed Pikel
   812 | D:4      | Noticed a lemure
   812 | D:4      | Noticed a lemure
   812 | D:4      | Noticed a lemure
   812 | D:4      | Noticed a lemure
   832 | D:3      | Killed Pikel
   832 | D:3      | Reached skill level 5 in Fighting
   832 | D:3      | Reached skill level 5 in Axes
   832 | D:3      | Reached XP level 5. HP: 40/50 MP: 3/5
   832 | D:3      | Reached XP level 6. HP: 46/57 MP: 3/6
   832 | D:3      | Reached XP level 7. HP: 50/62 MP: 3/7
   973 | D:4      | Reached * piety under Cheibriados
  1042 | D:4      | Reached skill level 5 in Shields
  1496 | D:4      | Reached skill level 5 in Armour
  1716 | D:4      | Reached ** piety under Cheibriados
  2203 | D:5      | Entered Level 5 of the Dungeon
  2292 | D:5      | Reached XP level 8. HP: 71/71 MP: 9/9
  2823 | D:6      | Found Zeylep's Book Boutique.
  2937 | D:6      | Found Hiarch's Distillery.
  3102 | D:6      | Found Omour's Antique Armour Boutique.
  3188 | D:6      | Bought a pair of embroidered boots for 202 gold pieces
  3219 | D:6      | Reached *** piety under Cheibriados
  3724 | D:7      | Reached XP level 9. HP: 81/81 MP: 10/10
  3775 | D:7      | Noticed Harold
  3788 | D:7      | Killed Harold
  4017 | D:7      | Found a staircase to the Ecumenical Temple.
  4046 | D:7      | Reached **** piety under Cheibriados
  4160 | D:7      | Found Oning's Gadget Emporium.
  4217 | D:7      | Found a shattered altar of Ashenzari.
  4602 | D:8      | Noticed Maggie
  4609 | D:8      | Killed Maggie
  4609 | D:8      | Reached skill level 5 in Dodging
  4736 | D:8      | Noticed Gastronok
  4738 | D:8      | Noticed Prince Ribbit
  4746 | D:8      | Killed Prince Ribbit
  4746 | D:8      | Reached skill level 5 in Invocations
  4746 | D:8      | Reached XP level 10. HP: 89/91 MP: 12/12
  4759 | D:8      | Killed Gastronok
  4759 | D:8      | Reached skill level 10 in Fighting
  4915 | D:8      | Noticed Maurice
  5084 | D:8      | Reached skill level 10 in Axes
  5156 | D:8      | Reached ***** piety under Cheibriados
  5253 | D:8      | Killed Maurice
  5544 | D:9      | Noticed Erolcha
  5557 | D:9      | Killed Erolcha
  5557 | D:9      | Reached XP level 11. HP: 101/101 MP: 14/14
  5932 | D:9      | You are sucked into a shaft and drop 1 floor!
  5932 | D:10     | Entered Level 10 of the Dungeon
  6076 | D:10     | Noticed a fire dragon
  6112 | D:10     | Noticed Grum
  6129 | D:10     | Killed Grum
  6540 | D:11     | Found a transporter.
  6547 | D:11     | Identified the +5 war axe "Newtbane" {distort, rF++ Stlth+}
  6547 | D:11     | Noticed a skeletal warrior
  6556 | D:11     | Found a transporter.
  6571 | D:11     | Found a one-way gate to the infinite horrors of the Abyss.
  6571 | D:11     | Noticed p0werm0de's ghost (novice FoFi)
  6585 | D:11     | Noticed a green very ugly thing
  6599 | D:11     | Noticed a two-headed ogre
  6602 | D:11     | Killed a two-headed ogre
  6687 | D:11     | Found Jeler's Magic Scroll Emporium.
  6695 | D:11     | Bought a scroll of fear for 56 gold pieces
  6695 | D:11     | Bought a scroll of teleportation for 48 gold pieces
  6695 | D:11     | Bought a scroll of fog for 32 gold pieces
  6704 | D:11     | Bought 2 scrolls of identify for 64 gold pieces
  6704 | D:11     | Bought a scroll of identify for 32 gold pieces
  6711 | D:11     | Gained mutation: You expend magic power (3 MP) to
                  | strengthen your wands. [potion of mutation]
  6711 | D:11     | Gained mutation: You have a pair of large horns on your
                  | head. [potion of mutation]
  6711 | D:11     | Gained mutation: You are weak. (Str -2) [potion of
                  | mutation]
  6711 | D:11     | Gained mutation: You are robust. (+10% HP) [potion of
                  | mutation]
  6853 | D:11     | Noticed a cyan ugly thing
  6869 | D:11     | Killed a cyan ugly thing
  6873 | D:11     | Lost mutation: You have a pair of large horns on your head.
                  | [potion of mutation]
  6873 | D:11     | Lost mutation: You expend magic power (3 MP) to strengthen
                  | your wands. [potion of mutation]
  6873 | D:11     | Gained mutation: You are somewhat resistant to further
                  | mutation. [potion of mutation]
  6873 | D:11     | Gained mutation: You are resistant to hostile enchantments.
                  | (MR+) [potion of mutation]
  7152 | D:11     | Killed an unseen horror
  7176 | D:11     | Noticed Erica
  7188 | D:11     | Killed Erica
  7192 | D:11     | Noticed a six-headed hydra
  7567 | D:10     | Reached ****** piety under Cheibriados
  7570 | D:10     | Noticed Josephine
  7584 | D:10     | Killed Josephine
  7612 | D:10     | Noticed a two-headed ogre
  7612 | D:10     | Noticed a four-headed hydra
  7621 | D:10     | Killed a two-headed ogre
  7627 | D:10     | Killed a nine-headed hydra
  7627 | D:10     | Reached XP level 12. HP: 123/123 MP: 16/16
  7628 | D:10     | Noticed a two-headed ogre
  7631 | D:10     | Noticed a two-headed ogre
  7632 | D:10     | Killed a two-headed ogre
  7638 | D:10     | Killed a two-headed ogre
  7884 | D:10     | Killed a fire dragon
  8420 | D:11     | Killed a 12-headed hydra
  8548 | D:11     | Noticed Urug
  8558 | D:11     | Killed Urug
  8885 | D:11     | Found a staircase to the Orcish Mines.
  9179 | D:11     | Found a staircase to the Lair.
  9384 | D:12     | Noticed a two-headed ogre
  9394 | D:12     | Killed a two-headed ogre
  9916 | D:12     | Reached skill level 10 in Shields
 10044 | D:13     | Noticed a two-headed ogre
 10048 | D:13     | Killed a two-headed ogre
 10084 | D:13     | Reached skill level 10 in Armour
 10210 | D:13     | Reached XP level 13. HP: 127/134 MP: 17/17
 11397 | D:14     | Found a portal to a secret trove of treasure.
 11600 | D:14     | Found a gate to the Vaults.
 11745 | D:15     | Entered Level 15 of the Dungeon
 12144 | D:15     | Found a runed translucent door.
 12169 | D:15     | Noticed a frost giant
 12182 | D:15     | Killed a frost giant
 12240 | D:15     | Found a staircase to the Depths.
 12392 | D:15     | Reached XP level 14. HP: 146/146 MP: 19/19
 12808 | Orc:1    | Entered Level 1 of the Orcish Mines
 12808 | Orc:1    | Found a roughly hewn altar of Beogh.
 12855 | Orc:1    | Found Sivaybb's Magic Scroll Shop.
 13002 | Orc:1    | Found Ziuxoc's Jewellery Boutique.
 13158 | Orc:1    | Found Woobofer's Jewellery Boutique.
 13193 | Orc:1    | Found Rupeug's General Store.
 13320 | Orc:2    | Entered Level 2 of the Orcish Mines
 13320 | Orc:2    | Noticed Nessos
 13333 | Orc:2    | Noticed Snorg
 13343 | Orc:1    | Killed Nessos
 13549 | Orc:2    | Reached skill level 15 in Fighting
 13556 | Orc:2    | Killed Snorg
 13691 | Orc:2    | Noticed an orc warlord
 13706 | Orc:2    | Reached skill level 15 in Axes
 13707 | Orc:2    | Killed an orc warlord
 13707 | Orc:2    | Reached skill level 10 in Dodging
 13991 | Orc:2    | Noticed an orc warlord
 14003 | Orc:2    | Killed an orc warlord
 14014 | Orc:2    | Found a staircase to the Elven Halls.
 14246 | Orc:2    | Found Exiadump's Weapon Shoppe.
 14246 | Orc:2    | Found Honiri's Jewellery Emporium.
 14246 | Orc:2    | Found Gamauvoll's Antique Weapon Emporium.
 14389 | Orc:2    | Found Quor's Weapon Shoppe.
 14771 | Orc:1    | Bought the ring of Spontaneous Combustion {rPois rN+ AC+4}
                  | for 719 gold pieces
 14884 | D:7      | Bought a condenser vane (2/2) for 280 gold pieces
 14995 | Orc:1    | Bought a scroll of enchant armour for 105 gold pieces
 14995 | Orc:1    | Bought a scroll of enchant weapon for 105 gold pieces
 14995 | Orc:1    | Bought a scroll of enchant armour for 105 gold pieces
 15066 | Lair:1   | Entered Level 1 of the Lair of Beasts
 15848 | Lair:3   | Found a staircase to the Swamp.
 17010 | Lair:4   | Found a staircase to the Snake Pit.
 17136 | Lair:4   | Reached XP level 15. HP: 146/157 MP: 21/21
 17623 | Swamp:1  | Entered Level 1 of the Swamp
 17776 | Swamp:1  | Found a burning altar of Makhleb.
 17984 | Swamp:2  | Noticed Jorgrun
 17996 | Swamp:2  | Killed Jorgrun
 18096 | Swamp:3  | Reached skill level 10 in Invocations
 18304 | Swamp:3  | Noticed Kirke
 18324 | Swamp:3  | Killed Kirke
 18356 | Swamp:4  | Entered Level 4 of the Swamp
 19053 | Swamp:4  | Got a decaying rune of Zot
 19255 | Snake:1  | Entered Level 1 of the Snake Pit
 19286 | Snake:1  | Reached XP level 16. HP: 169/169 MP: 22/22
 19434 | Snake:4  | Entered Level 4 of the Snake Pit
 19568 | Snake:4  | Noticed Aizul
 19582 | Snake:4  | Killed Aizul
 20709 | Snake:4  | Reached XP level 17. HP: 145/179 MP: 24/24
 20906 | Snake:4  | Got a serpentine rune of Zot
 21472 | Depths:1 | Entered Level 1 of the Depths
 21635 | Depths:1 | Found a sparkling altar of Nemelex Xobeh.
 22283 | Depths:3 | Reached XP level 18. HP: 184/193 MP: 25/25
 22705 | Depths:4 | Noticed a tentacled monstrosity
 22714 | Depths:4 | Killed a tentacled monstrosity
 22717 | Depths:4 | HP: 6/193 [spriggan defender/+0 flail of distortion (19)]
 23355 | Depths:4 | Found a corrupted altar of Lugonu.
 23424 | Depths:4 | Voluntarily entered the Abyss.
 23682 | Abyss:3  | Found an ancient bone altar of Kikubaaqudgha.
 24051 | Abyss:3  | Reached skill level 15 in Shields
 24066 | Abyss:3  | Reached skill level 15 in Armour
 24076 | Abyss:3  | Got an abyssal rune of Zot
 24085 | Abyss:3  | Found a burning altar of Makhleb.
 24086 | Abyss:3  | HP: 7/195 [starcursed mass/accursed screaming (5)]
 24169 | Abyss:3  | Reached XP level 19. HP: 69/203 MP: 27/27
 24191 | Depths:4 | Escaped the Abyss
 24340 | Depths:5 | Entered Level 5 of the Depths
 25035 | Orc:2    | Bought the ring "Kifi" {+Inv rElec rF+ MR+} for 619 gold
                  | pieces
 25548 | Depths:5 | Noticed a juggernaut
 25565 | Depths:5 | Killed a juggernaut
 26067 | Depths:5 | Found a gate to the Realm of Zot.
 26068 | Depths:5 | Noticed a golden dragon
 26097 | Depths:5 | Killed a golden dragon
 26430 | Zot:1    | Entered Level 1 of the Realm of Zot
 26492 | Zot:1    | Noticed a Killer Klown
 26492 | Zot:1    | Noticed an orb of fire
 26522 | Zot:1    | Killed an orb of fire
 26522 | Zot:1    | Reached XP level 20. HP: 172/217 MP: 28/28
 26546 | Zot:1    | HP: 10/217 [something (18)]
 26573 | Zot:1    | Killed a Killer Klown
 26598 | Zot:1    | HP: 5/217 [acid (9)]
 26600 | Zot:1    | Slain by a shadow dragon

Illustrated notes

Levels and vault maps discovered:
D:1:      psy_arrival_dodecagon, layout_basic
D:2:      layout_basic, due_unseen_surprise
D:3:      layout_loops_corners, kennysheep_slug_shrine
D:4:      layout_loops_corners, st_stairs_8, uniq_pikel
D:5:      layout_rooms, grunt_ministairs_12
D:6:      layout_loops_ring, serial_shops, nicolae_shop_window_shopping,
          kennysheep_mini, shop, grunt_ministairs_12, kennysheep_generic_room_2
D:7:      layout_basic, ashenzari_altar_1, minmay_temple_entry_grid,
          serial_shops, nicolae_shop_waterfront, uniq_harold
D:8:      layout_loops_ring, uniq_maurice, uniq_maggie, uniq_prince_ribbit1,
          uniq_gastronok
D:9:      layout_loops_ring, uniq_erolcha
D:10:     dragon1_lemuel, layout_loops_corners, minmay_joined_circles,
          uniq_grum, uniq_josephine
D:11:     layout_loops_ring, david_lair_shrubbed, hiddenorc1_lemuel,
          serial_aquarium, aquarium_bridge_square [aquarium_subvault_bridge,
          aquarium_subvault_wall, aquarium_subvault_window,
          aquarium_subvault_bridge], aquarium_bridge_square
          [aquarium_subvault_bridge, aquarium_subvault_wall,
          aquarium_subvault_window, aquarium_subvault_window],
          aquarium_window_1, aquarium_window_fake, aquarium_view_2a,
          aquarium_balcony_5a, aquarium_pool_corner,
          gammafunk_ghost_abyssal_escape, serial_shops, shop_scrolls, uniq_urug,
          uniq_erica
D:12:     layout_loops_ring
D:13:     layout_rooms
D:14:     layout_long_grid, grunt_vaults_entry_fortified,
          nicolae_trove_entry_path_of_doom, hangedman_abyss_or_decor_stabs
D:15:     grunt_enter_depths_snipers, layout_basic, nrook_pool_corridor,
          minmay_crystal_box
Lair:1:   layout_regular_city, lemuel_fruit_tree
Lair:2:   layout_gridlike
Lair:3:   layout_regular_city, swamp_mist_pool, minmay_lair_oklob_chamber
Lair:4:   layout_regular_city, minmay_snake_entry_six_corridors
Swamp:1:  layout_basic_swamp, basic_altar, swamp_pool2
Swamp:2:  layout_falls_marsh, hangedman_swamp_lotus, uniq_jorgrun
Swamp:3:  layout_falls_marsh, infiniplex_staircase_pool, swamp_pool1, uniq_kirke
Swamp:4:  swamp, layout_basic_swamp
Snake:1:  nrook_guardian_serpent_snake_passage, layout_misc_corridors,
          ebering_ghost_xom
Snake:2:  layout_gridlike, basic_altar
Snake:3:  layout_misc_corridors
Snake:4:  snake_pit_salamanders_mu, layout_cave_shapes, uniq_aizul
Orc:1:    layout_diamond_mine, serial_shops, nicolae_shop_statue_plus,
          nicolae_shop_waterfront, nicolae_shop_statue_plus, shop, mines1_david
Orc:2:    st_orc_mages, layout_caves, uniq_snorg, uniq_nessos
Depths:1: layout_cave_shapes, enter_ziggurat_d, hell_entry,
          nemelex_xobeh_ov_fountains_minmay, grunt_megastairs_1,
          infiniplex_staircase_pool_lava, kennysheep_random_hallway,
          firewood_loft
Depths:2: gammafunk_its_a_trap, layout_gridville, hell_entry, serial_shops,
          freezing_bzr, abyss_entry, hangedman_abyss_or_decor_stagger, pan_entry
Depths:3: evilmike_negative_zone, layout_basic, grunt_pan_entry_spiral,
          hell_entry, infiniplex_staircase_zigzag_2
Depths:4: gold_lair_mu, layout_gridlike, grunt_hell_entry_dis_old,
          serial_sigils_hangedman_scar, abyss_entry_flame_altar,
          grunt_decor_arrowhead
Depths:5: grunt_runaround [grunt_runaround_doors_1, grunt_runaround_doors_2,
          grunt_runaround_doors_3, grunt_runaround_doors_4,
          grunt_runaround_zot], hell_entry, uniq_jory
Zot:1:    grunt_deathspiral_small, layout_cathedral_of_symmetry,
          hangedman_zot_decor_checkerboard

Skill      XL: |  1  2  3  4  5  6  7  8  9 10 11 12 13 14 15 16 17 18 19 20 |
---------------+-------------------------------------------------------------+-----
Fighting       | 4 5 6 8 9 10 12 13 14 15 16 18 19 20 21 | 21.4
Axes           | 3 5 6 7 9 10 12 13 14 15 16 17 18 20 21 | 21.3
Armour         | 4 5 6 7 8 9 10 11 12 13 14 15 16 | 16.0
Shields        | 4 5 6 7 8 9 10 11 12 13 14 15 16 | 16.1
Dodging        | 2 3 4 5 6 7 8 9 10 11 12 13 14 | 14.6
Invocations    | 2 3 5 7 8 9 10 11 12 | 12.0

Action                   |  1- 3 |  4- 6 |  7- 9 | 10-12 | 13-15 | 16-18 | 19-21 || total
-------------------------+-------+-------+-------+-------+-------+-------+-------++-------
Melee: War axe           |    34 |    24 |    81 |   481 |   988 |   870 |   155 ||  2633
       Headbutt          |     3 |     5 |    93 |   176 |   335 |   342 |   124 ||  1078
       Hand axe          |       |       |   177 |       |       |       |       ||   177
       Broad axe         |       |       |       |       |       |       |   184 ||   184
Invok: Temporal Distorti |       |       |       |     1 |       |       |       ||     1
       Slouch            |       |       |       |     1 |    17 |    23 |     6 ||    47
       Step From Time    |       |       |       |       |     1 |       |       ||     1
 Abil: Stop Flying       |       |       |       |       |     1 |       |       ||     1
       Evoke Flight      |       |       |       |       |       |     1 |       ||     1
Evoke: Wand              |       |       |       |     1 |     6 |       |     2 ||     9
       Tin of tremorston |       |       |       |       |       |       |     3 ||     3
       Condenser vane    |       |       |       |       |       |       |     2 ||     2
  Use: Potion            |       |     1 |       |     4 |       |     3 |     8 ||    16
       Scroll            |       |       |    12 |    10 |    12 |     2 |    10 ||    46
 Stab: Paralysed         |       |       |       |     3 |     1 |     2 |       ||     6
       Confused          |       |       |       |       |     2 |       |     2 ||     4
       Distracted        |       |       |       |       |       |       |     1 ||     1
Armor: Scale mail        |    13 |     2 |       |       |       |       |       ||    15
       Chain mail        |       |    13 |    87 |   162 |    10 |       |       ||   272
       Plate armour      |       |       |       |       |   406 |   309 |   172 ||   887
Dodge: Dodged            |    11 |     6 |    72 |   224 |   520 |   382 |   172 ||  1387
Block: Kite shield       |    17 |    17 |   136 |   117 |       |       |       ||   287
       Tower shield      |       |       |       |   388 |  1291 |  1018 |   386 ||  3083

Table legend: (Time is in decaauts)
 A = Elapsed time spent in this place.
 B = Non-inter-level travel time spent in this place.
 C = Inter-level travel time spent in this place.
 D = Time resting spent in this place.
 E = Time spent auto-exploring this place.
 F = Levels seen in this place.
 G = Mean time per level.
                   A        B        C        D        E       F      G
               +--------+--------+--------+--------+--------+-----+--------+
         Total |  40242 |  36210 |   4032 |   3649 |  25719 |  39 | 1031.8 |
       Dungeon |  20999 |  18681 |   2318 |    777 |  15053 |  15 | 1399.9 |
          Lair |   4951 |   4516 |    435 |    129 |   4012 |   4 | 1237.8 |
         Swamp |   2443 |   2197 |    246 |    131 |   1430 |   4 |  610.8 |
     Snake Pit |   2736 |   2575 |    161 |    447 |   1439 |   4 |  684.0 |
  Orcish Mines |   3142 |   2837 |    305 |    569 |   1739 |   2 | 1571.0 |
        Depths |   4667 |   4159 |    508 |   1467 |   1607 |   5 |  933.4 |
           Zot |    214 |    158 |     56 |      0 |      0 |   1 |  214.0 |
         Abyss |   1087 |   1087 |      0 |    128 |    437 |   4 |  271.8 |
               +--------+--------+--------+--------+--------+-----+--------+

Top non-repeatable levels by time:
    D:11: 3209 daAuts
    D:10: 2635 daAuts
 Snake:4: 2392 daAuts
    D:15: 1936 daAuts
   Orc:2: 1934 daAuts
  Lair:3: 1731 daAuts
    D:14: 1725 daAuts
  Lair:4: 1692 daAuts
Depths:5: 1654 daAuts
     D:4: 1594 daAuts
Depths:4: 1591 daAuts
    D:12: 1460 daAuts
     D:8: 1422 daAuts
     D:7: 1400 daAuts
  Lair:2: 1340 daAuts
